 Dungeon Crawl Stone Soup version 0.29-a0-82-g837932c90e (webtiles) character file.

Game seed: 13302474724701453013

3950 frimble the Frost Mage (level 10, -7/73 HPs)
             Began as a Demonspawn Ice Elementalist on Feb 5, 2022.
             Mangled by an ancient zyme (9 damage)
             ... on level 1 of the Abyss.
             The game lasted 00:12:25 (10055 turns).

frimble the Frost Mage (DsIE)                      Turns: 10055, Time: 00:12:25

Health: -7/73      AC:  7    Str: 10      XL:     10   Next: 2%
Magic:  13/13      EV: 12    Int: 17 (20) God:
Gold:   750        SH:  0    Dex: 13      Spells: 6/13 levels left

rFire   . . .      SeeInvis +   k - +2 glaive (venom)
rCold   . . .      Faith    .   (shield currently unavailable)
rNeg    . . .      Spirit   .   a - +1 robe
rPois   .          Reflect  .   (helmet unavailable)
rElec   .          Harm     .   m - +0 cloak
rCorr   +          Rampage  .   (no gloves)
Will    .....                   (no boots)
Stlth   ++........              (no amulet)
HPRegen 0.00/turn               i - ring of resist corrosion
MPRegen 0.13/turn               (no ring)

@: sick
A: antennae 3, icy blue scales 2, demonic guardian 1, frail 1
a: no special abilities


You were on level 1 of the Abyss.
You visited 1 branch of the dungeon, and saw 8 of its levels.
You visited the Abyss 1 time.
You also visited: Sewer.

You collected 1188 gold pieces.
You spent 438 gold pieces at shops.

Inventory:

Hand Weapons
 c - a +1 dagger of venom
 d - a +0 short sword
 k - a +2 glaive of venom (weapon)
Missiles
 t - 5 silver javelins
Armour
 a - a +1 robe (worn)
 m - a +0 cloak (worn)
Jewellery
 i - a ring of resist corrosion (left hand)
 s - a +4 ring of evasion
 u - a +4 ring of protection
Wands
 j - a wand of iceblast (9)
 o - a wand of paralysis (6)
 p - a wand of flame (22)
 x - a wand of mindburst (10)
 z - a wand of polymorph (6)
Scrolls
 e - a scroll of magic mapping
 f - a scroll of amnesia
 g - 3 scrolls of blinking
 n - 6 scrolls of immolation
 w - 2 scrolls of enchant weapon
 y - a scroll of identify
Potions
 b - 3 potions of resistance
 h - 4 potions of curing
 l - 4 potions of flight
 q - a potion of ambrosia


   Skills:
 + Level 8.7 Fighting
 - Level 2.1 Dodging
 - Level 2.2 Stealth
 - Level 2.3 Spellcasting
 + Level 11.0 Ice Magic


You had 6 spell levels left.
You knew the following spells:

 Your Spells              Type           Power      Damage    Failure   Level
a - Freeze                Ice            100%       1d11      1%          1
b - Frozen Ramparts       Ice            78%        1d9       1%          3
c - Ozocubu's Armour      Ice            39%        N/A       1%          3

Your spell library contained the following spells:

 Spells                   Type           Power      Damage    Failure   Level
 Summon Small Mammal      Summ           4%         N/A       19%         1
 Hailstorm                Conj/Ice       20%        3d6       19%         4
 Leda's Liquefaction      Hex/Erth       0%         N/A       88%         4
 Irradiate                Conj/Tmut      0%         3d13      99%         5
 Lee's Rapid Deconstruct  Erth           0%         3d5*      99%         5
 Statue Form              Tmut/Erth      0%         N/A       100%        6
 Spellforged Servitor     Conj/Summ      0%         N/A       100%        7


Dungeon Overview and Level Annotations

Branches:
Dungeon (8/15)             Temple (0/1) D:5           Sewer (visited)
   Lair: D:8-11

Altars:
Ashenzari
Hepliaklqana

Shops:
D:6 [

Annotations:
D:4 1 runed translucent door, blackman's ghost, weakling HuDe
D:8 Psyche


Innate Abilities, Weirdness & Mutations

You have a pair of large antennae on your head. (SInv)
You are mostly covered in icy blue scales. (AC +3)
A weak demonic guardian rushes to your aid.
You are frail. (-10% HP)


Message History

The ancient zyme hits you but does no damage.
The ancient zyme misses you.
You barely miss the ancient zyme.
The ancient zyme hits you but does no damage.
The ancient zyme closely misses you. The ancient zyme completely misses you.
The ancient zyme hits you but does no damage.
You slash the ancient zyme!
The ancient zyme is moderately damaged.
The ancient zyme hits you!
The ancient zyme hits you but does no damage.
You feel ill. The ancient zyme barely misses you.
The ancient zyme completely misses you.
You slash the ancient zyme!
The ancient zyme is heavily damaged.
The ancient zyme misses you. The ancient zyme hits you!
* * * LOW HITPOINT WARNING * * *
You slash the ancient zyme!
The ancient zyme is severely damaged.
The ancient zyme misses you. The ancient zyme hits you!
* * * LOW HITPOINT WARNING * * *
A demonic guardian appears!
The ancient zyme barely misses you. x2
You barely miss the ancient zyme.
The ancient zyme is severely damaged.
The ancient zyme misses you.
The ancient zyme hits you but does no damage.
Your shadow imp hits the ancient zyme but does no damage.
The ancient zyme hits your shadow imp. The ancient zyme hits your shadow imp!
Your shadow imp dies!
Your shadow imp disappears in a puff of smoke!
You barely miss the ancient zyme.
The ancient zyme is severely damaged.
The ancient zyme hits you.
* * * LOW HITPOINT WARNING * * *
The ancient zyme hits you.
* * * LOW HITPOINT WARNING * * *
You feel ill.
You hit the ancient zyme.
The ancient zyme is severely damaged.
The ancient zyme hits you!
You die...

{ . { .
# .. # #
## #. {
#..####
# .# ##
#.#@#
.##.#
#.x.# #
..##
...####
#..#..#
#.....#
## #
##..##.#
##
..##.##
#.# .
#### . .
.# # #


You could see an ancient zyme.

Vanquished Creatures
  An ugly thing (D:8)
  Prince Ribbit (D:5)
  A neqoxec (Abyss:1)
  Eustachio (D:4)
  2 wraiths (D:7)
  2 vampire mosquitoes (D:7)
  A steam dragon (D:7)
  Menkaure (D:5)
  2 water moccasins
  An ice beast (D:7)
  An orc warrior (D:7)
  A black bear (D:7)
  2 sky beasts
  An ogre (D:6)
  2 phantoms (D:5)
  2 kobold brigands
  2 bullfrogs (D:6)
  Blork the orc (D:5)
  2 scorpions
  5 killer bees (D:8)
  2 wights
  A howler monkey (D:7)
  A centaur zombie (D:7)
  4 hounds
  2 orc priests
  A gnoll shaman (D:7)
  A centaur skeleton (D:7)
  5 iguanas
  2 orc wizards
  6 gnolls (D:6)
  2 howler monkey skeletons (D:5)
  5 adders
  3 river rats
  A shadow imp (D:7)
  2 white imps (D:6)
  2 ufetubi
  An adder skeleton (D:5)
  A worm (D:3)
  5 dart slugs
  7 orcs
  6 ball pythons
  4 bats
  10 endoplasms
  7 giant cockroaches
  5 hobgoblins
  A jackal (Sewer)
  19 kobolds
  6 quokkas
  3 frilled lizards
  5 goblins
  9 rats
161 creatures vanquished.

Vanquished Creatures (collateral kills)
  An endoplasm (D:2)
  3 goblins (D:2)
  2 hobgoblins
  3 kobolds
9 creatures vanquished.

Vanquished Creatures (others)
  A small abomination (Abyss:1)
  An orc (D:3)
  A rat (D:1)
  A plant (D:5)
  2 withered plants (D:4)
6 creatures vanquished.

Grand Total: 176 creatures vanquished

Notes
Turn   | Place    | Note
-------+----------+-------------------------------------------
     0 | D:1      | frimble the Demonspawn Ice Elementalist began the quest for
                  | the Orb.
     0 | D:1      | Reached XP level 1. HP: 13/13 MP: 3/3
   509 | D:1      | Gained mutation: A weak demonic guardian rushes to your
                  | aid. [demonic ancestry]
   509 | D:1      | Reached XP level 2. HP: 18/19 MP: 5/5
  1522 | D:1      | Reached XP level 3. HP: 20/24 MP: 6/6
  1891 | D:1      | Learned a level 3 spell: Frozen Ramparts
  1902 | D:2      | Reached skill level 4 in Ice Magic
  2503 | D:2      | Got the Guide on Supportive Changing
  2623 | D:2      | Gained mutation: You have a pair of small antennae on your
                  | head. [demonic ancestry]
  2623 | D:2      | Reached XP level 4. HP: 24/30 MP: 7/7
  2864 | D:2      | Reached skill level 5 in Ice Magic
  3103 | D:2      | Identified a scroll of acquirement
  3103 | D:2      | Acquired 802 gold pieces
  3195 | D:3      | Found a glowing drain.
  3208 | D:3      | Gained mutation: You are partially covered in icy blue
                  | scales. (AC +2) [demonic ancestry]
  3208 | D:3      | Reached XP level 5. HP: 28/35 MP: 3/8
  3216 | Sewer    | Entered a sewer
  3315 | Sewer    | Reached skill level 6 in Ice Magic
  3990 | D:3      | Found a faded altar of an unknown god.
  4270 | D:3      | Reached XP level 6. HP: 24/41 MP: 5/9
  4677 | D:4      | Found a runed translucent door.
  4677 | D:4      | Noticed blackman's ghost (weakling HuDe)
  4743 | D:4      | Learned a level 3 spell: Ozocubu's Armour
  4841 | D:4      | Found a broken altar of Ashenzari.
  4869 | D:4      | Noticed Eustachio
  4896 | D:4      | Killed Eustachio
  4897 | D:4      | Reached skill level 7 in Ice Magic
  5007 | D:4      | Reached XP level 7. HP: 26/46 MP: 6/10
  5227 | D:4      | Found a hazy altar of Hepliaklqana.
  5305 | D:4      | Reached skill level 1 in Fighting
  5666 | D:5      | Entered Level 5 of the Dungeon
  5753 | D:5      | Noticed Blork the orc
  5756 | D:5      | Killed Blork the orc
  5819 | D:5      | Reached skill level 8 in Ice Magic
  5949 | D:5      | Found a staircase to the Ecumenical Temple.
  5954 | D:5      | Noticed Prince Ribbit
  5988 | D:5      | Killed Prince Ribbit
  5989 | D:5      | Gained mutation: You have a pair of antennae on your head.
                  | [demonic ancestry]
  5989 | D:5      | Reached XP level 8. HP: 50/59 MP: 3/11
  6658 | D:5      | Noticed Menkaure
  6670 | D:5      | Killed Menkaure
  7039 | D:5      | Found Untostob's Magic Scroll Emporium.
  7046 | D:5      | Bought a scroll of blinking for 90 gold pieces
  7046 | D:5      | Bought a scroll of blinking for 90 gold pieces
  7046 | D:5      | Bought a scroll of teleportation for 36 gold pieces
  7046 | D:5      | Bought a scroll of enchant weapon for 90 gold pieces
  7046 | D:5      | Bought a scroll of identify for 24 gold pieces
  7046 | D:5      | Bought a scroll of identify for 24 gold pieces
  7046 | D:5      | Bought a scroll of immolation for 42 gold pieces
  7046 | D:5      | Bought a scroll of immolation for 42 gold pieces
  7426 | D:6      | Reached skill level 5 in Fighting
  7426 | D:6      | Reached skill level 9 in Ice Magic
  7697 | D:6      | Found Taurror's Antique Armour Shop.
  8180 | D:7      | Gained mutation: You have a pair of large antennae on your
                  | head. (SInv) [demonic ancestry]
  8180 | D:7      | Reached XP level 9. HP: 51/69 MP: 5/12
  8422 | D:7      | Reached skill level 10 in Ice Magic
  8813 | D:7      | Noticed a two-headed ogre
  8813 | D:7      | Noticed a four-headed hydra
  8814 | D:7      | Noticed a boulder beetle
  8827 | D:7      | Noticed a kobold demonologist
  9570 | D:8      | Noticed a brown ugly thing
  9578 | D:8      | Killed a brown ugly thing
  9579 | D:8      | Reached skill level 11 in Ice Magic
  9579 | D:8      | Gained mutation: You are mostly covered in icy blue scales.
                  | (AC +3) [demonic ancestry]
  9579 | D:8      | Reached XP level 10. HP: 57/82 MP: 6/13
  9725 | D:8      | Noticed Psyche
  9729 | D:8      | Cast into level 1 of the Abyss (Psyche)
  9760 | Abyss:1  | Noticed a worldbinder
  9763 | Abyss:1  | Noticed a bog body
  9763 | Abyss:1  | Noticed a goliath frog
  9765 | Abyss:1  | Gained mutation: You are frail. (-10% HP) [a neqoxec]
  9766 | Abyss:1  | Noticed a blizzard demon
  9769 | Abyss:1  | Noticed a bog body
  9769 | Abyss:1  | Noticed a bog body
  9769 | Abyss:1  | Noticed a bog body
 10054 | Abyss:1  | HP: 2/73 [ancient zyme (5)]
 10055 | Abyss:1  | Mangled by an ancient zyme

Illustrated notes

Levels and vault maps discovered:
D:1:      nagdon_arrival_zigzag_paths, layout_loops_ring, minmay_tripent
D:2:      layout_basic, minmay_randomly_rotated_circles
D:3:      layout_loops_corners, portal_sewer_entry_a,
          hellmonk_ecumenical_altar_blasted, corner_web_ring
D:4:      layout_loops_ring, mainiacjoe_overflow_alcove_2, lemuel_doored_altar,
          gammafunk_ghost_grave, uniq_eustachio
D:5:      layout_gridville, minmay_temple_entry_gardened_gates, serial_shops,
          nicolae_stop_n_shop_1, uniq_blork_the_orc, uniq_prince_ribbit1,
          uniq_menkaure
D:6:      layout_basic, serial_shops, shop
D:7:      minmay_the_grid_octo_tiled_octocenter
          [minmay_the_grid_octo_fat_diamond, minmay_the_grid_octo_clover,
          minmay_the_grid_octo_checkered, minmay_the_grid_octo_fan_narrow,
          minmay_the_grid_octo_prize_square_snowflake,
          minmay_the_grid_square_5x5_eight_small,
          minmay_the_grid_square_5x5_minibox, minmay_the_grid_square_5x5_bridge,
          minmay_the_grid_square_5x5_two_walls_a], layout_basic,
          eino_small_chamber_without_monster
D:8:      nicolae_cairo_tiling, layout_cave_pods, uniq_psyche
Abyss:1:  base: D:8, eino_small_chamber_without_monster

Skill      XL: |  1  2  3  4  5  6  7  8  9 |
---------------+----------------------------+-----
Stealth        | 2 |  2.2
Dodging        | 2 |  2.1
Ice Magic      | 4 5 6 7 8 9 11 | 11.0
Fighting       | 3 6 8 |  8.7
Spellcasting   | |  2.3

Action                   |  1- 3 |  4- 6 |  7- 9 | 10-12 || total
-------------------------+-------+-------+-------+-------++-------
Melee: Unarmed           |    21 |       |       |       ||    21
       Short sword       |    59 |       |       |       ||    59
       Glaive            |    11 |    87 |   199 |    24 ||   321
       Punch             |     1 |       |       |       ||     1
 Cast: Freeze            |    30 |     2 |       |       ||    32
       Frozen Ramparts   |     1 |    11 |    18 |     1 ||    31
       Ozocubu's Armour  |       |     1 |    13 |     1 ||    15
  Use: Scroll            |       |     8 |     7 |     1 ||    16
       Potion            |       |       |     1 |     1 ||     2
 Stab: Sleeping          |     7 |     7 |     4 |       ||    18
       Distracted        |       |     1 |       |       ||     1
Armor: Robe              |    25 |    51 |    94 |    15 ||   185
Dodge: Dodged            |    97 |    86 |   195 |    24 ||   402

Table legend: (Time is in decaauts)
 A = Elapsed time spent in this place.
 B = Non-inter-level travel time spent in this place.
 C = Inter-level travel time spent in this place.
 D = Time resting spent in this place.
 E = Time spent auto-exploring this place.
 F = Levels seen in this place.
 G = Mean time per level.
                   A        B        C        D        E       F      G
               +--------+--------+--------+--------+--------+-----+--------+
         Total |  10299 |  10076 |    223 |    821 |   7678 |  10 | 1029.9 |
       Dungeon |   9727 |   9504 |    223 |    616 |   7478 |   8 | 1215.9 |
         Abyss |    326 |    326 |      0 |    205 |     11 |   1 |  326.0 |
         Sewer |    244 |    244 |      0 |      0 |    189 |   1 |  244.0 |
               +--------+--------+--------+--------+--------+-----+--------+

Top non-repeatable levels by time:
     D:1: 2151 daAuts
     D:5: 1641 daAuts
     D:3: 1310 daAuts
     D:4: 1091 daAuts
     D:6: 1082 daAuts
     D:2: 976 daAuts
     D:8: 900 daAuts
     D:7: 574 daAuts
 Abyss:1: 326 daAuts
   Sewer: 244 daAuts
